 Dungeon Crawl Stone Soup version 0.27-a0-1245-g940ed4fa31 (webtiles) character file.

Game seed: 13538822515960369039

742 FacelessVoid the Covert (level 7, 0/36 HPs)
             Began as a Vampire Enchanter on June 9, 2021.
             Slain by a gnoll
             ... wielding a +2 vorpal spear
              (2 damage)
             ... on level 4 of the Dungeon.
             The game lasted 00:15:10 (5380 turns).

FacelessVoid the Covert (Vampire Enchanter)         Turns: 5380, Time: 00:15:10

Health: 0/36       AC:  3    Str:  7    XL:     7   Next: 47%
Magic:  5/10       EV: 12    Int: 19    God:
Gold:   90         SH:  0    Dex: 15    Spells: 4/10 levels left

rFire    . . .     SeeInvis +   a - +1 dagger
rCold    + + .     Faith    .   (no shield)
rNeg     + + +     Spirit   .   b - +0 robe
rPois    ∞         Reflect  .   (no helmet)
rElec    .         Harm     .   (no cloak)
rCorr    .         Rampage  .   i - +0 pair of gloves
Will     .....                  (no boots)
Stlth    +++++++...             (no amulet)
HPRegen  0.00/turn              (no ring)
MPRegen  0.12/turn              (no ring)

@: bloodless
A: bloodless, fangs 3, see invisible, vampiric 2
a: Bat Form, Revivify


You were on level 4 of the Dungeon.
You visited 1 branch of the dungeon, and saw 4 of its levels.

You collected 90 gold pieces.

Inventory:

Hand Weapons
 a - a +1 dagger (weapon)
 f - a +2 short sword of venom
Armour
 b - a +0 robe (worn)
 i - a +0 pair of gloves (worn)
Jewellery
 j - an amulet of guardian spirit
Scrolls
 c - 4 scrolls of identify
 d - 2 scrolls of enchant weapon
 e - 2 scrolls of teleportation {unknown}
 h - a scroll of amnesia {unknown}
Potions
 g - 2 potions of haste
 k - a potion of lignification {unknown}


   Skills:
 - Level 1.1 Short Blades
 - Level 2.1 Dodging
 + Level 10.8 Stealth
 - Level 2.4 Spellcasting
 + Level 8.1 Hexes
 - Level 1.0 Ice Magic


You had 4 spell levels left.
You knew the following spells:

 Your Spells              Type           Power      Damage    Failure   Level
a - Corona                Hex            36%        N/A       1%          1
b - Ensorcelled Hibernat  Hex/Ice        38%        N/A       3%          2
c - Confusing Touch       Hex            33%        N/A       1%          3

Your spell library contained the following spells:

 Spells                   Type           Power      Damage    Failure   Level
 Tukima's Dance           Hex            33%        N/A       1%          3
 Dazzling Flash           Conj/Hex       34%        N/A       9%          3


Dungeon Overview and Level Annotations

Branches:
Dungeon (4/15)
 Temple: D:4-7

Altars:


Innate Abilities, Weirdness & Mutations

You do not regenerate when monsters are visible.
You are frail without blood (-20% HP).
You can heal yourself when you bite living creatures.
You are immune to poison.
You have razor-sharp teeth.
You have supernaturally acute eyesight. (SInv)
You are afflicted with vampirism and can become a bat while bloodless.


Message History

You open the door.
A hobgoblin comes into view.
There is an open door here.
The hobgoblin shouts!
You hit the hobgoblin but do no damage. You bite the hobgoblin.
You draw the hobgoblin's blood!
You feel better.
The hobgoblin is lightly wounded.
Casting: Confusing Touch (safe; 1% risk of failure)
Confirm with . or Enter, or press ? or * to list all spells.
Aiming: Ensorcelled Hibernation (safe; 3% risk of failure)
Press: ? - help, Shift-Dir - straight line, f - hobgoblin
Aim: a hobgoblin (lightly wounded, chance to affect: 67%)
The hobgoblin looks drowsy...
The helpless hobgoblin fails to defend itself.
You bite the hobgoblin, and draw its blood!
You feel better.
You spit the hobgoblin like a pig!!!
You kill the hobgoblin!
The walls and floor vibrate strangely for a moment.
The gnoll shouts!
Casting: Ensorcelled Hibernation (safe; 3% risk of failure)
Confirm with . or Enter, or press ? or * to list all spells.
Aiming: Ensorcelled Hibernation (safe; 3% risk of failure)
Press: ? - help, Shift-Dir - straight line, f - gnoll
Aim: a gnoll, wielding a +2 vorpal spear (chance to affect: 58%)
The gnoll resists with significant effort.
A giant cockroach comes into view.
The gnoll barely misses you.
Casting: Ensorcelled Hibernation (safe; 3% risk of failure)
Confirm with . or Enter, or press ? or * to list all spells.
Aiming: Ensorcelled Hibernation (safe; 3% risk of failure)
Press: ? - help, Shift-Dir - straight line, f/p - gnoll
Aim: a gnoll, wielding a +2 vorpal spear (chance to affect: 58%)
The gnoll resists with significant effort.
The gnoll closely misses you.
The gnoll hits you with a +2 vorpal spear!
* * * LOW HITPOINT WARNING * * *
The giant cockroach barely misses you.
The gnoll hits you with a +2 vorpal spear.
* * * LOW HITPOINT WARNING * * *
You die...

........g...#....
...##.......#.... ....
#########.......#....
.....
#.......#.......##...
......
..................gg
......
....##.##.....##.##
...... ..# .# ##.#.##)#.#
......#+##.# ..###..÷#..
#.......@## .##.#.##.#.#
#.......Bg##. ....##.##
#.........g..............
#..........g.........####
#....................
#...................
#...........########
#.......<...#
##'####.....#


You could see 3 gnolls and a giant cockroach.

Vanquished Creatures
  Grinder (D:3)
  A necrophage (D:4)
  An ogre (D:2)
  A hound (D:3)
  An orc priest (D:3)
  A jelly (D:3)
  Jessica (D:3)
  An orc wizard (D:3)
  7 gnolls (D:2)
  7 adders
  A worm (D:3)
  2 dart slugs
  9 orcs
  7 endoplasms
  8 giant cockroaches
  13 goblins
  6 hobgoblins
  7 kobolds
  2 quokkas
  4 ball pythons
  4 bats
  3 frilled lizards
  4 rats
92 creatures vanquished.

Vanquished Creatures (others)
  14 plants
  6 withered plants (D:3)
20 creatures vanquished.

Grand Total: 112 creatures vanquished

Notes
Turn   | Place    | Note
-------+----------+-------------------------------------------
     0 | D:1      | FacelessVoid the Vampire Enchanter began the quest for the
                  | Orb.
     0 | D:1      | Reached XP level 1. HP: 13/13 MP: 3/3
   293 | D:1      | Reached XP level 2. HP: 8/19 MP: 1/5
   297 | D:1      | Learned a level 2 spell: Ensorcelled Hibernation
   391 | D:1      | Reached skill level 5 in Stealth
   470 | D:1      | Reached skill level 5 in Hexes
   924 | D:1      | Gained mutation: You are afflicted with vampirism and can
                  | become a bat while bloodless. [Vampire growth]
   924 | D:1      | Reached XP level 3. HP: 24/24 MP: 6/6
  1046 | D:1      | Learned a level 3 spell: Confusing Touch
  1911 | D:2      | Reached skill level 1 in Ice Magic
  1911 | D:2      | Reached XP level 4. HP: 30/30 MP: 2/7
  2024 | D:2      | Reached skill level 6 in Stealth
  2262 | D:2      | Noticed an ogre
  2264 | D:2      | Killed an ogre
  2265 | D:2      | Reached skill level 7 in Stealth
  2265 | D:2      | Reached XP level 5. HP: 35/35 MP: 5/8
  2807 | D:2      | Reached skill level 8 in Stealth
  3129 | D:3      | Noticed Jessica
  3294 | D:3      | Noticed Grinder
  3311 | D:3      | Killed Grinder
  3312 | D:3      | Reached skill level 9 in Stealth
  3312 | D:3      | Reached XP level 6. HP: 30/41 MP: 6/9
  3806 | D:3      | Reached XP level 7. HP: 36/36 MP: 7/10
  3873 | D:3      | Killed Jessica
  3874 | D:3      | Reached skill level 10 in Stealth
  3943 | D:3      | Found a faded altar of an unknown god.
  5380 | D:4      | Slain by a gnoll

Illustrated notes

Levels and vault maps discovered:
D:1:      dpeg_arrival_refuge, layout_loops_corners,
          chequers_serial_rivers_room_a, serial_bayou_pond_a, amethyst_killhole,
          grunt_decor_arrowhead
D:2:      layout_basic
D:3:      layout_loops_corners, shapermc_ecumenical_altar_flowoftime,
          uniq_jessica, uniq_grinder
D:4:      layout_gridville, chequers_ossuary_entry_cave, minmay_ruptured

Skill      XL: |  1  2  3  4  5  6  7 |
---------------+----------------------+-----
Stealth        | 5 7 9 10 | 10.8
Hexes          | 5 6 7 8 |  8.1
Ice Magic      | 1 |  1.0
Short Blades   | |  1.1
Dodging        | |  2.1
Spellcasting   | |  2.4

Action                   |  1- 3 |  4- 6 |  7- 9 || total
-------------------------+-------+-------+-------++-------
Melee: Dagger            |   122 |    54 |    75 ||   251
       Bite              |     5 |     1 |     5 ||    11
 Cast: Corona            |     3 |       |       ||     3
       Ensorcelled Hiber |    31 |    39 |    29 ||    99
       Confusing Touch   |       |     1 |     1 ||     2
 Abil: Exsanguinate      |       |     1 |       ||     1
  Use: Scroll            |       |       |     1 ||     1
       Potion            |       |       |     1 ||     1
 Stab: Sleeping          |    22 |    29 |    17 ||    68
       Confused          |       |     2 |     1 ||     3
Armor: Robe              |    17 |     8 |     6 ||    31
Dodge: Dodged            |    86 |    36 |    51 ||   173

Table legend: (Time is in decaauts)
 A = Elapsed time spent in this place.
 B = Non-inter-level travel time spent in this place.
 C = Inter-level travel time spent in this place.
 D = Time resting spent in this place.
 E = Time spent auto-exploring this place.
 F = Levels seen in this place.
 G = Mean time per level.
                   A        B        C        D        E       F      G
               +--------+--------+--------+--------+--------+-----+--------+
         Total |   5358 |   5146 |    212 |   1760 |   2250 |   4 | 1339.5 |
       Dungeon |   5358 |   5146 |    212 |   1760 |   2250 |   4 | 1339.5 |
               +--------+--------+--------+--------+--------+-----+--------+

Top non-repeatable levels by time:
     D:1: 1881 daAuts
     D:3: 1702 daAuts
     D:2: 1367 daAuts
     D:4: 406 daAuts
